AoeStats
← Buzz Lightyear

MegaRandom

509704945Analyzed
4v4 RM · 6d ago on Sep 27, 2026· 42m 48s· 8 players
Game mode
Random Map
Map size
Large (8 player)
Population
200
Speed
Normal
Resources
Standard
Victory
Conquest
Starting age
Dark Age
Ending age
Imperial Age
RankedLock teamsTeams togetherTeam positionsShared explorationLock speedFull tech treeHidden civsTurbo modeCheats
Victory
Defeat
🇵🇪 Vietnamese · Peru
1172
+13
🇨🇳 Varangians · China
1142
+14
🇬🇧 Danes · United Kingdom
1122
+14
🇸🇦 Cumans · Saudi Arabia
1111
+15
🇺🇸 Byzantines · United States
1107
-15
🇬🇧 Armenians · United Kingdom
1101
-14
🇩🇪 Koreans · Germany
1082
-14
🇪🇬 Goths · Egypt
1080
-13
Shmug
7:09 Loom
14:03 Feudal Age
14:46 Horse Collar
21:12 Wheelbarrow
21:45 Scale Mail Armor
25:05 Castle Age
23:44 Forging
26:19 Squires
26:05 Gambesons
26:38 Chain Mail Armor
26:59 Iron Casting
26:26 Arson
28:41 Double-Bit Axe
31:05 Hand Cart
33:42 Town Watch
37:31 Caravan
39:19 Hamask
44:04 Imperial Age
张小姐的先生
15:52 Feudal Age
21:01 Castle Age
19:43 Double-Bit Axe
19:45 Horse Collar
25:20 Forging
29:01 Scale Barding Armor
32:32 Husbandry
33:35 Gold Mining
37:13 Chain Barding Armor
37:31 Iron Casting
37:56 Bloodlines
37:46 Light Cavalry
Buzz Lightyear
10:18 Loom
14:15 Feudal Age
22:16 Castle Age
20:26 Double-Bit Axe
20:56 Horse Collar
22:46 Town Watch
23:11 Fletching
23:21 Crossbowman
26:06 Bodkin Arrow
28:01 Thumb Ring
29:42 Padded Archer Armor
30:00 Bow Saw
30:13 Ballistics
33:26 Leather Archer Armor
37:39 Wheelbarrow
39:57 Imperial Age
39:24 Heavy Plow
39:37 Caravan
41:26 Arbalester
3Zoo_77
6:01 Loom
12:51 Feudal Age
13:31 Horse Collar
33:11 Double-Bit Axe
42:49 Castle Age
thelight00001
6:36 Loom
16:00 Feudal Age
23:04 Castle Age
21:40 Double-Bit Axe
23:34 Padded Archer Armor
24:42 Crossbowman
26:02 Fletching
27:03 Bodkin Arrow
29:46 Gold Mining
31:17 Elite Skirmisher
32:56 Leather Archer Armor
33:14 Bow Saw
35:56 Ballistics
39:25 Scale Mail Armor
42:00 Scale Barding Armor
42:07 Forging
Botgamer928
5:04 Loom
16:33 Feudal Age
16:48 Man-at-Arms
17:16 Arson
17:49 Long Swordsman
19:07 Forging
18:58 Scale Mail Armor
20:46 Scale Mail Armor
29:47 Castle Age
28:44 Fletching
28:54 Padded Archer Armor
31:15 Double-Bit Axe
32:32 Gold Mining
34:30 Gold Shaft Mining
35:21 Horse Collar
40:44 Padded Archer Armor
Meroero
3:29 Loom
18:07 Feudal Age
18:16 Man-at-Arms
18:55 Horse Collar
21:12 Town Watch
22:16 Scale Mail Armor
27:11 Wheelbarrow
31:40 Castle Age
31:32 Forging
32:09 Scale Barding Armor
32:26 Double-Bit Axe
32:16 Long Swordsman
32:57 Squires
36:57 Hand Cart
38:45 Heavy Plow
Jandei
5:16 Loom
5:26 Loom
15:56 Feudal Age
16:54 Town Watch
23:53 Castle Age
21:46 Horse Collar
23:38 Gold Mining
23:57 Fletching
24:45 Bodkin Arrow
24:14 Crossbowman
30:34 Wheelbarrow
30:31 Man-at-Arms
31:13 Scale Mail Armor
33:58 Thumb Ring
35:55 Hand Cart
36:32 Town Patrol
37:16 Forging
36:28 Long Swordsman
37:33 Squires
38:29 Double-Bit Axe
38:39 Stone Mining
39:31 Gold Shaft Mining
38:31 Pikeman
Connection lost

Rejoining the realm…

Still unreachable

The connection could not be restored.

Session expired

The server has moved on; the page needs a fresh start.